 Dungeon Crawl Stone Soup version 0.24.0-13-gcf9b319 (webtiles) character file.

Game seed: 6049599248612398122, levelgen mode: deterministic

20 Calico the Vexing (level 2, 0/23 HPs)
             Began as a Gnoll Arcane Marksman on Feb 5, 2020.
             Slain by a worm (12 damage)
             ... on level 2 of the Dungeon.
             The game lasted 00:09:56 (846 turns).

Calico the Vexing (Gnoll Arcane Marksman)            Turns: 846, Time: 00:09:57

Health: 0/23       AC:  3    Str: 12    XL:     2   Next: 79%
Magic:  5/5        EV: 14    Int: 15    God:
Gold:   45         SH:  0    Dex: 15    Spells: 5/6 levels left

rFire    . . .     SeeInvis .   e - +0 dagger
rCold    + . .     Gourm    .   (no shield)
rNeg     . . .     Faith    .   l - +0 robe
rPois    .         Spirit   .   (no helmet)
rElec    .         Reflect  .   j - +0 cloak
rCorr    .         Harm     .   (no gloves)
MR       .....                  (no boots)
Stlth    ++........             (no amulet)
HPRegen  0.07/turn              a - ring of protection from cold
MPRegen  0.09/turn              (no ring)

@: no status effects
A: distributed training, fangs 1, strong nose
a: no special abilities


You were on level 2 of the Dungeon.
You were not hungry.

You visited 1 branch of the dungeon, and saw 2 of its levels.

You collected 45 gold pieces.

Inventory:

Hand Weapons
 e - a +0 dagger (weapon)
 w - a +0 shortbow
Missiles
 d - 30 arrows
Armour
 j - a +0 cloak (worn)
 l - a +0 robe (worn)
Jewellery
 a - a ring of protection from cold (left hand)
Scrolls
 c - a scroll of identify {unknown}
 g - 2 scrolls of amnesia {unknown}
 k - a scroll of fog {unknown}
 m - a scroll of blinking {unknown}
Potions
 b - a potion of lignification {unknown}
 i - a potion of berserk rage {unknown}
Comestibles
 f - 3 rations
 h - a chunk of flesh


   Skills:
 + Level 2.5 Fighting
 + Level 0.5 Short Blades
 + Level 0.5 Long Blades
 + Level 0.5 Axes
 + Level 0.5 Maces & Flails
 + Level 0.5 Polearms
 + Level 0.5 Staves
 + Level 0.5 Slings
 + Level 4.5 Bows
 + Level 0.5 Crossbows
 + Level 0.5 Throwing
 + Level 0.5 Armour
 + Level 4.5 Dodging
 + Level 0.5 Stealth
 + Level 0.5 Shields
 + Level 0.5 Unarmed Combat
 + Level 2.7 Spellcasting
 + Level 0.3 Conjurations
 + Level 5.3 Hexes
 + Level 0.3 Charms
 + Level 0.3 Summonings
 + Level 0.3 Necromancy
 + Level 0.3 Translocations
 + Level 0.3 Transmutations
 + Level 0.3 Fire Magic
 + Level 0.3 Ice Magic
 + Level 0.3 Air Magic
 + Level 0.3 Earth Magic
 + Level 0.3 Poison Magic
 + Level 0.6 Invocations
 + Level 0.5 Evocations


You had 5 spell levels left.
You knew the following spells:

 Your Spells              Type           Power        Failure   Level  Hunger
z - Corona                Hex            ###....      2%          1    #......

Your spell library contained the following spells:

 Spells                   Type           Power        Failure   Level  Hunger
 Slow                     Hex            ###.....     3%          2    ##.....
 Inner Flame              Hex/Fire       ##......     19%         3    ###....
 Portal Projectile        Hex/Tloc       ##....       19%         3    ###....
 Cause Fear               Hex            ###.......   22%         4    #####..
 Leda's Liquefaction      Hex/Erth       ##........   54%         4    #####..


Dungeon Overview and Level Annotations

Branches:
Dungeon (2/15)

Altars:


Innate Abilities, Weirdness & Mutations

Your experience applies equally to all skills.
You have very sharp teeth.
Your uncanny sense of smell can sniff out nearby items.


Message History

The quokka misses you.
Firing (i - inventory)
d - 31 arrows (quivered)
Press: ? - help, Shift-Dir - straight line, f/p - worm
Aim: a worm (lightly wounded)
You shoot an arrow. The arrow hits the worm.
The worm is moderately wounded.
The quokka bites you.
e - a +0 dagger (weapon)
The quokka barely misses you.
You barely miss the worm.
The worm is moderately wounded.
The quokka misses you.
You barely miss the worm. You bite the worm, but do no damage.
The worm is moderately wounded.
The quokka bites you. The worm bites you!
You hit the worm but do no damage. You bite the worm, but do no damage.
The worm is moderately wounded.
The quokka closely misses you. The worm bites you!
Ouch! That really hurt!
You die...

................. ..
#####.#.######.# .#
...............####.#
.####.#........(....#
#...............## #
########.........#
#.#<....##.........#
(..#...........รท......#
(.(((.w@##.#..........#
.......r.#.#..........#
.........#.#..........#
.........#............#
.........####.........#
.?.......# ....########
........$# ....#
###......#


You could see a worm and a quokka.

Vanquished Creatures
  A dart slug (D:1)
  A leopard gecko (D:1)
  A giant cockroach (D:1)
  A hobgoblin (D:1)
  3 jackals (D:1)
  A bat (D:2)
  3 frilled lizards (D:1)
  3 kobolds (D:1)
  4 rats (D:1)
18 creatures vanquished.

Notes
Turn   | Place    | Note
-------+----------+-------------------------------------------
     0 | D:1      | Calico the Gnoll Arcane Marksman began the quest for the
                  | Orb.
     0 | D:1      | Reached XP level 1. HP: 17/17 MP: 4/4
   268 | D:1      | Reached XP level 2. HP: 23/23 MP: 5/5
   846 | D:2      | Slain by a worm

Levels and vault maps discovered:
D:1:      ncdulo_lavacross, layout_basic
D:2:      layout_basic

Action                   || total
-------------------------++-------
Melee: Unarmed           ||    46
       Bite              ||     4
       Dagger            ||     3
 Fire: Shortbow          ||    42
 Cast: Corona            ||     1
Armor: Robe              ||     9
Dodge: Dodged            ||    45
